 Dungeon Crawl Stone Soup version 0.28-a0-1159-g27aa881441 (webtiles) character file.

Game seed: 9422858980413663215

99755 kae the Severer (level 16, -2/155 HPs)
             Began as a Hill Orc Fighter on Dec 15, 2021.
             Was the Champion of Qazlal.
             Slain by a ghost moth (3 damage)
             ... on level 2 of the Spider Nest.
             The game lasted 00:21:50 (24784 turns).

kae the Severer (Hill Orc Fighter)                 Turns: 24784, Time: 00:21:51

Health: -2/155     AC: 19    Str: 35    XL:     16   Next: 25%
Magic:  0/26       EV: 14    Int:  8    God:    Qazlal [******]
Gold:   2866       SH: 16    Dex: 10    Spells: 15/15 levels left

rFire   . . .      SeeInvis .   Q - +7 battleaxe (flame)
rCold   . . .      Faith    .   (shield currently unavailable)
rNeg    . . .      Spirit   +   b - +1 scale mail
rPois   +          Reflect  .   e - +0 helmet of Amorality {Rampage rPois Str+2}
rElec   .          Harm     .   P - +0 cloak
rCorr   .          Rampage  +   S - +0 pair of gloves of Bufraimu {Contam Rampage Regen+}
Will    ++...                   x - +0 pair of boots
Stlth   ..........              F - brooch of Shielding {Spirit SH+8}
HPRegen 1.15/turn               g - +6 ring of strength
MPRegen 0.20/turn               o - ring of willpower

@: lethally poisoned (-2 -> -34), protected from physical damage, studying
Dodging, repel missiles
A: no striking features
a: Renounce Religion, Upheaval, Elemental Force, Disaster Area


You were on level 2 of the Spider Nest.
You worshipped Qazlal.
Qazlal was exalted by your worship.
You visited 5 branches of the dungeon, and saw 26 of its levels.
You visited 1 bazaar.
You also visited: Sewer, Ossuary, Gauntlet and Ice Cave.

You collected 3490 gold pieces.
You spent 624 gold pieces at shops.

Inventory:

Hand Weapons
 Q - a +7 battleaxe of flaming (weapon)
 R - a +5 war axe
Missiles
 i - a throwing net (quivered)
Armour
 b - a +1 scale mail (worn)
 e - the +0 helmet of Amorality (worn) {Rampage rPois Str+2}
   (You found it in a Gauntlet)

   Str:       It affects your strength (+2).
   rPois:     It protects you from poison.
   Rampage:   It bestows one free step when moving towards enemies.
 x - a +0 pair of boots (worn)
 P - a +0 cloak (worn)
 S - the +0 pair of gloves of Bufraimu (worn) {Contam Rampage Regen+}
   (You acquired it on level 11 of the Dungeon)

   Contam:    It causes magical contamination when unequipped.
   Regen:     It increases your rate of health regeneration.
   Rampage:   It bestows one free step when moving towards enemies.
Jewellery
 g - a +6 ring of strength (left hand)
 n - a ring of see invisible
 o - a ring of willpower (right hand)
 u - a ring of fire
 w - a ring of protection from fire
 y - a +4 ring of protection
 F - the brooch of Shielding (around neck) {Spirit SH+8}
   (You found it in a Gauntlet)

   [amulet of guardian spirit]

   It causes incoming damage to be divided between your reserves of health and
   magic.
   SH:        It affects your SH (+8).
 J - an amulet of magic regeneration
 K - a +4 ring of protection
 U - a +6 ring of intelligence
Wands
 c - a wand of digging (24)
 m - a wand of charming (18)
 G - a wand of paralysis (32)
 L - a wand of iceblast (30)
 O - a wand of polymorph (10)
 W - a wand of mindburst (8)
 Y - a wand of flame (28)
 Z - a wand of acid (3)
Scrolls
 a - 2 scrolls of holy word
 f - 7 scrolls of vulnerability
 j - 6 scrolls of fog
 s - 13 scrolls of teleportation
 v - 5 scrolls of enchant armour
 E - a scroll of magic mapping
 I - 4 scrolls of fear
 M - 7 scrolls of blinking
 N - 5 scrolls of identify
 V - 3 scrolls of silence
 X - a scroll of summoning
Potions
 d - 2 potions of flight
 h - 12 potions of curing
 k - 10 potions of mutation
 l - 3 potions of ambrosia
 p - 6 potions of attraction
 q - 6 potions of cancellation
 r - 3 potions of magic
 t - 3 potions of brilliance
 z - 6 potions of haste
 A - 5 potions of heal wounds
 B - 9 potions of might
 C - 2 potions of lignification
 D - 5 potions of resistance
 H - a potion of invisibility
 T - 3 potions of berserk rage


   Skills:
 - Level 17.2 Fighting
 - Level 20.0 Axes
 - Level 12.0 Armour
 + Level 10.3 Dodging
 - Level 4.0 Shields
 - Level 14.0 Invocations
 + Level 11.7 Evocations


You had 15 spell levels left.
You didn't know any spells.
Your spell library contained the following spells:

 Spells                   Type           Power      Damage    Failure   Level
 Animate Skeleton         Necr           0%         N/A       56%         1
 Pain                     Necr           0%         1d4       56%         1
 Blink                    Tloc           0%         N/A       71%         2
 Static Discharge         Conj/Air       0%         N/A       71%         2
 Dazzling Flash           Conj/Hex       0%         N/A       91%         3
 Lesser Beckoning         Tloc           0%         N/A       91%         3
 Portal Projectile        Hex/Tloc       0%         N/A       91%         3
 Tukima's Dance           Hex            0%         N/A       91%         3
 Vampiric Draining        Necr           0%         2d6       91%         3
 Airstrike                Air            0%         N/A       100%        4
 Fulminant Prism          Conj/Hex       0%         3d6       100%        4
 Iskenderun's Mystic Bla  Conj/Tloc      0%         2d3       100%        4
 Passage of Golubria      Tloc           0%         N/A       100%        4
 Petrify                  Tmut/Erth      0%         N/A       100%        4
 Summon Lightning Spire   Summ/Air       0%         N/A       100%        4
 Agony                    Necr           0%         N/A       100%        5
 Blade Hands              Tmut           0%         N/A       100%        5
 Excruciating Wounds      Necr           0%         N/A       100%        5
 Fireball                 Conj/Fire      0%         3d3       100%        5
 Iskenderun's Battlesphe  Conj           0%         2d6       100%        5
 Lee's Rapid Deconstruct  Erth           0%         3d5*      100%        5
 Lightning Bolt           Conj/Air       0%         1d11      100%        5
 Manifold Assault         Tloc           0%         N/A       100%        5
 Metabolic Englaciation   Hex/Ice        0%         N/A       100%        5
 Silence                  Hex/Air        0%         N/A       100%        5
 Yara's Violent Unravell  Hex/Tmut       0%         3d3       100%        5
 Conjure Ball Lightning   Conj/Air       0%         3x3d6     100%        6
 Starburst                Conj/Fire      0%         6d3       100%        6
 Statue Form              Tmut/Erth      0%         N/A       100%        6
 Orb of Destruction       Conj           0%         N/A       100%        7
 Ignition                 Fire           0%         3d3       100%        8
 Maxwell's Capacitive Co  Air            0%         ∞         100%        8


Dungeon Overview and Level Annotations

Branches:
Dungeon (15/15)            Temple (1/1) D:5            Lair (6/6) D:9
 Shoals (0/4) Lair:4       Spider (2/4) Lair:2        Slime (0/5) Lair:5
    Orc (2/2) D:10            Elf (0/3) Orc:2        Vaults (0/5) D:14
 Depths (0/4) D:15          Sewer (visited)         Ossuary (visited)
  IceCv (visited)         Gauntlet (visited)

Altars:
Ashenzari
Cheibriados
Dithmenos
Elyvilon
Fedhas
Gozag
Hepliaklqana
Kikubaaqudgha
Makhleb
Nemelex Xobeh
Okawaru
Qazlal
Ru
Sif Muna
Trog
Uskayaw
Vehumet
Wu Jian
Xom
Yredelemnul
Zin
The Shining One
Beogh

Shops:
D:4 ?   D:5 *   D:14 *   Orc:1 ?   Orc:2 ?(:!

Annotations:
Lair:2 2 transporters, Xairgh's ghost, journeyman HOGl
Spider:1 2 transporters, Pushroseu's ghost, adept MiFi
Spider:2 Nikola


Message History

You burn the redback!
You kill the redback!
Qazlal accepts your kill.
You hear an angry hiss. x2; You hear a hideous shriek! x2
A jumping spider comes into view.
A redback comes into view.
The jumping spider is engulfed in blazing flames.
You kill the jumping spider!
Qazlal accepts your kill.
The jumping spider leaps!
You feel you are being watched by something.
You block the redback's attack. The spark wasp barely misses you.
Unknown command.
As you read the scroll of fear, it crumbles to dust.
You assume a fearsome visage.
Nikola resists with some effort.
The redback looks frightened!
The spark wasp looks frightened!
The orb spider looks frightened!
The tarantella looks frightened!
The orb spider looks frightened!
The jumping spider looks frightened!
The redback looks frightened!
The jumping spider looks frightened!
The jumping spider hisses angrily.
The orb spider looks frightened!
You hear an angry hiss. x3
The jumping spider leaps!
A jumping spider comes into view.
A redback comes into view.
The jumping spider leaps!
Nikola casts a spell.
Nikola blinks!
You feel you are being watched by something.
Something hits you but does no damage.
Deactivating autopickup; reactivate with Ctrl-A.
Something hits you but does no damage. Something stings you.
* * * LOW HITPOINT WARNING * * *
You are lethally poisoned!
Something poisons you!
* * * LOW HITPOINT WARNING * * *
You feel extremely sick.
You hear an angry hiss. x2
The jumping spider leaps! x2
You feel you are being watched by something.
Something hits you.
You die...

#..[^.....
#...#.....
###.....#...
#........)..
#.s..#s<..#
##..#....s...
##.°§..☼.#....
#..§††@.....○.
#..○†.{§...s#.
#^...°††#§.....
##...°.§.†.#...
#≈....<.○..^..(.
≈...#......y#.#.
#.....#..#.s..°.
#......§...#ss..
...............


You could see a spark wasp (fleeing), 2 orb spiders, 3 jumping spiders and a
redback (fleeing).

Vanquished Creatures
  Kirke (Lair:4)
  An orc warlord (Orc:1)
  2 emperor scorpions (Spider:1)
  The ghost of Saov the Fencer, a journeyman MiBe of Trog (D:14)
  The ghost of wineyard the Transmogrifier, a journeyman FoTm of Gozag (Lair:5)
  A minotaur (Gauntlet)
  An ettin (Orc:1)
  A fire dragon (Lair:6)
  8 hydras
  3 ogre magi
  2 boulder beetles
  5 centaur warriors
  2 catoblepae
  9 two-headed ogres
  Nergalle (Orc:2)
  An orange crystal statue (Gauntlet)
  2 orb spiders (Spider:1)
  2 lindwurms (Lair:6)
  2 large abominations (Gauntlet)
  3 deep elf pyromancers
  11 wolf spiders
  11 ugly things
  2 manticores
  12 orc sorcerers
  A shining eye (shapeshifter) (D:14)
  7 cyclopes
  11 elephants
  6 black mambas
  A moth of wrath (Spider:1)
  3 molten gargoyles (Lair:6)
  2 ice statues (IceCv)
  Maggie (D:7)
  9 cane toads
  3 gargoyles
  3 torpor snails
  A rime drake (Lair:4)
  A freezing wraith (IceCv)
  An unseen horror (D:7)
  A yaktaur (shapeshifter) (D:14)
  2 tengu conjurers (D:13)
  10 komodo dragons
  5 demonic crawlers
  4 jumping spiders
  A hornet (D:11)
  A polar bear (Lair:5)
  6 trolls
  Grinder (Sewer)
  5 slime creatures
  8 blink frogs
  A raiju (shapeshifter) (D:14)
  25 redbacks
  4 tarantellas
  Sigmund (D:4)
  2 shadows
  4 centaur simulacra
  8 wyverns
  A human (Lair:4)
  2 wraiths
  25 yaks
  2 vampires
  6 hogs (Lair:4)
  2 fire bats (Lair:6)
  11 basilisks
  2 steam dragons
  3 vampire mosquitoes (D:13)
  6 wargs
  2 death yak simulacra (IceCv)
  3 swamp worms (D:12)
  An acid dragon (D:9)
  4 hell hounds (Lair:6)
  A hydra simulacrum (Gauntlet)
  14 water moccasins
  21 orc warriors
  3 small abominations (Gauntlet)
  A meliai simulacrum (Gauntlet)
  3 ice beasts
  2 sky beasts (D:6)
  A black bear (D:6)
  A necrophage (D:7)
  13 ogres
  3 wolves (Lair:3)
  14 centaurs
  A phantom (D:6)
  5 kobold brigands
  5 bullfrogs
  2 gnoll sergeants
  2 wyvern zombies
  3 scorpions
  2 wyvern skeletons (D:7)
  A hornet simulacrum (D:15)
  7 killer bees
  14 wights
  2 electric eels (Spider:1)
  3 centaur zombies
  4 howler monkeys
  5 lava snakes (Lair:6)
  A quasit (Sewer)
  3 bullfrog zombies
  4 centaur skeletons
  6 hounds
  6 jellies
  17 orc priests
  A bullfrog skeleton (D:5)
  3 gnoll shamans
  Jessica (D:3)
  2 iguanas
  31 orc wizards
  9 hell rats
  2 killer bee zombies (D:7)
  2 wolf simulacra (IceCv)
  A hound zombie (D:4)
  2 howler monkey zombies
  Robin (D:2)
  A mummy (Ossuary)
  8 adders
  12 gnolls
  4 river rats
  3 shadow imps
  A white imp (D:5)
  6 ufetubi
  2 worms
  4 dart slugs
  65 orcs
  5 spectral bats (Ossuary)
  8 bats
  A bat zombie (Sewer)
  11 endoplasms
  7 giant cockroaches
  19 goblins
  7 hobgoblins
  4 jackals
  30 kobolds
  3 quokkas
  13 ball pythons
  5 bat simulacra (Ossuary)
  4 frilled lizards (D:1)
  12 gnoll zombies (Ossuary)
  2 goblin simulacra (Ossuary)
  4 goblin zombies (Ossuary)
  2 hobgoblin zombies (Ossuary)
  5 kobold simulacra (Ossuary)
  7 kobold zombies
  7 orc zombies (Ossuary)
  10 rats
  3 rat simulacra (Ossuary)
  2 spectral goblins (Ossuary)
  2 spectral kobolds (Ossuary)
  2 spectral rats (Ossuary)
800 creatures vanquished.

Vanquished Creatures (others)
  A fire giant (D:15)
  An orb spider (Spider:2)
  2 tarantellas (Spider:2)
  A gnoll (D:13)
  13 fungi
  22 plants
40 creatures vanquished.

Grand Total: 840 creatures vanquished

Notes
Turn   | Place    | Note
-------+----------+-------------------------------------------
     0 | D:1      | kae the Hill Orc Fighter began the quest for the Orb.
     0 | D:1      | Reached XP level 1. HP: 19/19 MP: 1/1
    45 | D:1      | Reached skill level 3 in Axes
   123 | D:1      | Reached XP level 2. HP: 13/26 MP: 2/2
   377 | D:1      | Found a faded altar of an unknown god.
   445 | D:1      | Reached XP level 3. HP: 21/31 MP: 3/3
   751 | D:1      | Reached skill level 4 in Axes
  1280 | D:2      | Found a radiant altar of Vehumet.
  1675 | D:2      | Reached XP level 4. HP: 39/39 MP: 4/4
  1861 | D:2      | Reached skill level 5 in Axes
  1937 | D:2      | Noticed Robin
  1945 | D:2      | Killed Robin
  2586 | D:3      | Reached skill level 6 in Axes
  2645 | D:3      | Noticed Jessica
  2651 | D:3      | Killed Jessica
  2652 | D:3      | Reached XP level 5. HP: 39/45 MP: 5/5
  2714 | D:3      | Noticed an ice beast
  2723 | D:3      | Killed an ice beast
  2724 | D:3      | Reached skill level 7 in Axes
  2724 | D:3      | Reached XP level 6. HP: 26/51 MP: 6/6
  3396 | D:3      | Identified a scroll of acquirement
  3396 | D:3      | Acquired a manual of Fighting
  3404 | D:4      | Noticed Sigmund
  3409 | D:4      | Killed Sigmund
  3410 | D:4      | Reached skill level 9 in Axes
  3424 | D:4      | Reached XP level 7. HP: 35/60 MP: 7/7
  3434 | D:4      | Reached skill level 5 in Fighting
  3707 | D:4      | Found Leg Gyba's Magic Scroll Boutique.
  3711 | D:4      | Bought 2 scrolls of identify for 56 gold pieces
  3711 | D:4      | Bought a scroll of identify for 28 gold pieces
  3711 | D:4      | Bought a scroll of identify for 28 gold pieces
  3711 | D:4      | Bought a scroll of identify for 28 gold pieces
  3711 | D:4      | Bought a scroll of fog for 28 gold pieces
  3727 | D:4      | Found a glowing drain.
  3751 | Sewer    | Entered a sewer
  3858 | Sewer    | Reached skill level 10 in Axes
  3887 | Sewer    | Found a burning altar of Makhleb.
  3961 | Sewer    | Noticed Grinder
  3975 | Sewer    | Killed Grinder
  3976 | Sewer    | Reached XP level 8. HP: 56/75 MP: 8/8
  4338 | D:4      | Reached skill level 11 in Axes
  4981 | D:4      | Found a glowing silver altar of Zin.
  4981 | D:4      | Noticed an angel
  5007 | D:5      | Entered Level 5 of the Dungeon
  5036 | D:5      | Found Fes Doso's Overcharged Wands.
  5045 | D:5      | Reached skill level 10 in Fighting
  5200 | D:5      | Reached XP level 9. HP: 85/89 MP: 9/9
  5247 | D:5      | Found a staircase to the Ecumenical Temple.
  5346 | D:5      | Reached skill level 12 in Axes
  5388 | Temple   | Entered the Ecumenical Temple
  5739 | Temple   | Became a worshipper of Qazlal Stormbringer
  6148 | D:6      | Found a sand-covered staircase.
  6171 | D:6      | Reached skill level 1 in Invocations
  6184 | Ossuary  | Entered an ossuary
  6270 | Ossuary  | Reached * piety under Qazlal
  6458 | Ossuary  | Reached ** piety under Qazlal
  6906 | D:6      | Reached skill level 16 in Axes
  6906 | D:6      | Reached XP level 10. HP: 111/111 MP: 11/11
  7635 | D:7      | Killed an unseen horror
  7792 | D:7      | Noticed a two-headed ogre
  7794 | D:7      | Reached *** piety under Qazlal
  7803 | D:7      | Killed a two-headed ogre
  7809 | D:7      | Reached skill level 5 in Invocations
  7833 | D:7      | Reached skill level 5 in Armour
  8186 | D:7      | Reached XP level 11. HP: 113/117 MP: 15/15
  8242 | D:7      | Noticed Maggie
  8257 | D:7      | Killed Maggie
  8424 | D:7      | Reached **** piety under Qazlal
  8676 | D:7      | You fall into a shaft and drop 3 floors!
  8676 | D:10     | Entered Level 10 of the Dungeon
  9419 | D:8      | Noticed a two-headed ogre
  9431 | D:8      | Killed a two-headed ogre
 10479 | D:9      | Found a staircase to the Lair.
 11078 | D:10     | Found a staircase to the Orcish Mines.
 11157 | D:10     | Reached skill level 10 in Invocations
 11289 | D:10     | Reached ***** piety under Qazlal
 11290 | D:10     | Reached XP level 12. HP: 105/124 MP: 19/19
 11882 | D:11     | Acquired the +0 pair of gloves of Bufraimu {Contam Rampage
                  | Regen+}
 11889 | D:11     | Acquired 466 gold pieces
 12388 | D:12     | Noticed a five-headed hydra
 12392 | D:12     | Killed a five-headed hydra
 12393 | D:12     | Reached skill level 10 in Armour
 12485 | D:12     | Noticed a two-headed ogre
 12490 | D:12     | Killed a two-headed ogre
 12780 | D:12     | Found a flickering gateway to a bazaar.
 12793 | Bazaar   | Entered a bazaar
 12793 | Bazaar   | Found Yngom's Armour Boutique.
 12793 | Bazaar   | Found Imeodwu's Antique Weapon Shop.
 12793 | Bazaar   | Found Zann's Antique Armour Shop.
 13232 | Lair:1   | Entered Level 1 of the Lair of Beasts
 13485 | Lair:1   | Noticed a five-headed hydra
 13493 | Lair:1   | Killed a nine-headed hydra
 13978 | Lair:1   | You fall into a shaft and drop 1 floor!
 14137 | Lair:2   | Reached XP level 13. HP: 132/132 MP: 23/23
 14161 | Lair:2   | Found a hole to the Spider Nest.
 14210 | Lair:2   | Found a transporter.
 14211 | Lair:2   | Found a transporter.
 14226 | Lair:2   | Noticed Xairgh's ghost (journeyman HOGl)
 14236 | Lair:2   | Found a bloodstained altar of Trog.
 14957 | Lair:3   | Found a gate leading to a gauntlet.
 14966 | Gauntlet | Entered a Gauntlet
 14966 | Gauntlet | Found a transporter.
 14966 | Gauntlet | Found a transporter.
 14966 | Gauntlet | Found a transporter.
 14986 | Gauntlet | Found a transporter.
 14988 | Gauntlet | Found a large runed translucent door.
 14989 | Gauntlet | Found a large runed translucent door.
 14990 | Gauntlet | Found a large runed translucent door.
 14990 | Gauntlet | Found a large runed translucent door.
 14990 | Gauntlet | Found a runed translucent door.
 14990 | Gauntlet | Found a runed translucent door.
 14991 | Gauntlet | Found a large runed translucent door.
 14992 | Gauntlet | Found a large runed translucent door.
 14993 | Gauntlet | Found a large runed translucent door.
 14993 | Gauntlet | Found a large runed translucent door.
 14994 | Gauntlet | Found a runed translucent gate.
 14994 | Gauntlet | Found a runed translucent gate.
 14994 | Gauntlet | Found a runed translucent gate.
 14996 | Gauntlet | Found a transporter.
 15000 | Gauntlet | Found a transporter.
 15010 | Gauntlet | Found a transporter.
 15031 | Gauntlet | Found a transporter.
 15036 | Gauntlet | Found a transporter.
 15040 | Gauntlet | Found a transporter.
 15040 | Gauntlet | Found the brooch of Shielding {Spirit SH+8}
 15043 | Gauntlet | Found a large runed translucent door.
 15043 | Gauntlet | Found a large runed translucent door.
 15044 | Gauntlet | Found a large runed translucent door.
 15045 | Gauntlet | Found a large runed translucent door.
 15046 | Gauntlet | Found a large runed translucent door.
 15046 | Gauntlet | Found a large runed translucent door.
 15047 | Gauntlet | Found a large runed translucent door.
 15048 | Gauntlet | Found a large runed translucent door.
 15054 | Gauntlet | Found a transporter.
 15054 | Gauntlet | Found a transporter.
 15107 | Gauntlet | Acquired 707 gold pieces
 15209 | Gauntlet | Identified the +0 helmet of Amorality {Rampage rPois Str+2}
 15231 | Gauntlet | Noticed a minotaur
 15240 | Gauntlet | Killed a minotaur
 15375 | Lair:3   | Found a frozen archway.
 15384 | IceCv    | Entered an ice cave
 15396 | IceCv    | Reached skill level 17 in Axes
 15500 | IceCv    | Found a transporter.
 15508 | IceCv    | Found a transporter.
 16009 | Lair:4   | Found a hazy altar of Hepliaklqana.
 16030 | Lair:4   | Noticed Kirke
 16166 | Lair:4   | Killed Kirke
 16167 | Lair:4   | Reached skill level 18 in Axes
 16425 | Lair:4   | Found a staircase to the Shoals.
 16896 | Lair:5   | Found a staircase to the Slime Pits.
 16991 | Lair:5   | Reached skill level 19 in Axes
 17326 | Lair:5   | Found a large runed translucent door.
 17326 | Lair:5   | Found a large runed translucent door.
 17327 | Lair:5   | Noticed wineyard's ghost (journeyman FoTm)
 17332 | Lair:5   | Reached XP level 14. HP: 140/140 MP: 24/24
 17476 | Lair:5   | Killed wineyard's ghost
 17477 | Lair:5   | Reached skill level 20 in Axes
 17541 | Lair:6   | Entered Level 6 of the Lair of Beasts
 17547 | Lair:6   | Reached skill level 1 in Dodging
 17547 | Lair:6   | Reached skill level 1 in Evocations
 17693 | Lair:6   | Reached ****** piety under Qazlal
 17906 | Lair:6   | Found a large runed translucent door.
 17914 | Lair:6   | Reached skill level 5 in Evocations
 17991 | Lair:6   | Found a large runed translucent door.
 18199 | Lair:6   | Reached skill level 5 in Dodging
 19018 | Orc:1    | Entered Level 1 of the Orcish Mines
 19189 | Orc:1    | Found Neudd's Magic Scroll Emporium.
 19292 | Orc:1    | Bought a scroll of magic mapping for 52 gold pieces
 19292 | Orc:1    | Bought a scroll of blinking for 112 gold pieces
 19292 | Orc:1    | Bought a scroll of blinking for 112 gold pieces
 19292 | Orc:1    | Bought a scroll of teleportation for 45 gold pieces
 19441 | Orc:2    | Entered Level 2 of the Orcish Mines
 19622 | Orc:2    | Found a staircase to the Elven Halls.
 19944 | Orc:1    | Noticed an orc warlord
 20080 | Orc:1    | Killed an orc warlord
 20293 | Orc:2    | Reached XP level 15. HP: 147/147 MP: 25/25
 20301 | Orc:2    | Found Xupea's Antique Weapon Shop.
 20311 | Orc:2    | Found a radiant altar of Vehumet.
 20342 | Orc:2    | Noticed Nergalle
 20348 | Orc:2    | Killed Nergalle
 20352 | Orc:2    | Found an ancient bone altar of Kikubaaqudgha.
 20363 | Orc:2    | Found a roughly hewn altar of Beogh.
 20372 | Orc:2    | Found Deptiek's Book Boutique.
 20379 | Orc:2    | Found Amaize's Magic Scroll Boutique.
 20387 | Orc:2    | Bought a scroll of blinking for 135 gold pieces
 20447 | Orc:2    | Found Teamp's Distillery.
 21996 | D:14     | Found a gate to the Vaults.
 22031 | D:14     | Found a runed translucent door.
 22127 | D:14     | Found Mewiedof's Assorted Antiques.
 22369 | D:14     | Noticed Saov's ghost (journeyman MiBe)
 22460 | D:14     | Killed Saov's ghost
 22538 | D:15     | Entered Level 15 of the Dungeon
 22545 | D:15     | Noticed a fire giant
 22545 | D:15     | Found a staircase to the Depths.
 22581 | D:15     | Reached skill level 10 in Evocations
 22691 | D:15     | Killed a fire giant
 23424 | D:15     | Found a sacrificial altar of Ru.
 23813 | Spider:1 | Entered Level 1 of the Spider Nest
 23816 | Spider:1 | Noticed an emperor scorpion
 23839 | Spider:1 | Killed an emperor scorpion
 24068 | Spider:1 | Reached XP level 16. HP: 155/155 MP: 26/26
 24119 | Spider:1 | Found a transporter.
 24119 | Spider:1 | Noticed Pushroseu's ghost (adept MiFi)
 24138 | Spider:1 | Found a transporter.
 24143 | Spider:1 | Acquired a manual of Dodging
 24772 | Spider:2 | Reached skill level 10 in Dodging
 24779 | Spider:2 | Identified the +0 pair of gloves of Situb {Drain rF++ rC++}
 24779 | Spider:2 | Noticed Nikola
 24784 | Spider:2 | HP: 1/155 [poisoned by a ghost moth]
 24784 | Spider:2 | Slain by a ghost moth

Illustrated notes

Levels and vault maps discovered:
D:1:      evilmike_arrival_crescent, layout_basic,
          dreamdust_ecumenical_altar_grove
D:2:      minmay_door_path, layout_loops_cross, basic_altar,
          kennysheep_small_spiral, uniq_robin
D:3:      minmay_wonky_spiral, layout_loops_ring, uniq_jessica
D:4:      layout_loops_cross, zin_angel, serial_shops, shop,
          portal_sewer_entry_c, st_stairs_7, hangedman_minor_gate_pass,
          uniq_sigmund
D:5:      layout_rooms, lemuel_temple_firewalk_b, nicolae_shop_overcharged_wands
D:6:      layout_basic, enter_ossuary_1
D:7:      cheibrodos_fzero, layout_basic, minmay_alternating_orb, uniq_maggie
D:8:      layout_rooms
D:9:      layout_layer_cave, erik_lair_dragon, serial_bayou_crossing
D:10:     layout_roguey, david_orc_1_choice, centaur_isle
D:11:     layout_rooms
D:12:     layout_irregular_city, serial_shops, bzr_entry_lakeside, worms_lemuel
D:13:     layout_irregular_city
D:14:     layout_stronghold, david_vaults_2, serial_shops,
          nicolae_shop_overgrown_old_shop, ebering_ghost_reflecting_pool,
          serial_bayou_pond_e
D:15:     grunt_enter_depths_giant_problem, layout_rooms,
          nicolae_ru_the_path_less_chosen
Temple:   mainiacjoe_temple_circle_huts
Lair:1:   layout_cave_pods
Lair:2:   layout_cave_pods, spider_nest_entry_funnel_web,
          gammafunk_ghost_wrathful_warriors
Lair:3:   layout_roguey, gauntlet_entry_generic,
          portal_ice_cave_entry_pillars_2, infiniplex_staircase_pool_2,
          grunt_megastairs_2
Lair:4:   layout_loops_ring, elwin_shoals_entry_rocks, basic_altar,
          chequers_serial_rivers_micro_c, uniq_kirke
Lair:5:   layout_regular_city, minmay_slime_entry_pillars,
          ebering_ghost_disaster_area
Lair:6:   cheibrodos_lair_end_hotspot, layout_gridlike,
          kennysheep_abandoned_house, serial_bayou_shore_a
Spider:1: layout_spider_delve, gammafunk_ghost_arena
Spider:2: layout_spider_delve, gammafunk_ghost_necromancy, uniq_nikola
Orc:1:    layout_caves, serial_shops, nicolae_shop_hallway_plus
Orc:2:    kennysheep_orc_mage_school, layout_diamond_mine

Skill      XL: |  1  2  3  4  5  6  7  8  9 10 11 12 13 14 15 16 |
---------------+-------------------------------------------------+-----
Axes           | 3 4 6 7 9 10 11 16 19 20 | 20.0
Shields        | 4 |  4.0
Fighting       | 4 8 11 17 | 17.2
Invocations    | 1 5 10 13 14 | 14.0
Armour         | 5 9 11 12 | 12.0
Dodging        | 6 9 10 | 10.3
Evocations     | 7 11 | 11.7

Action                   |  1- 3 |  4- 6 |  7- 9 | 10-12 | 13-15 | 16-18 || total
-------------------------+-------+-------+-------+-------+-------+-------++-------
Melee: War axe           |   106 |   120 |   338 |   373 |       |       ||   937
       Battleaxe         |       |       |       |    97 |   752 |    83 ||   932
       Unarmed           |       |       |       |       |    16 |       ||    16
Invok: Upheaval          |       |       |       |     2 |     1 |       ||     3
Evoke: Wand              |       |       |       |     2 |       |       ||     2
  Use: Scroll            |     3 |     6 |    12 |    12 |     6 |     2 ||    41
       Potion            |       |     1 |     2 |     1 |       |       ||     4
Armor: Scale mail        |    54 |    43 |   119 |   143 |   186 |    24 ||   569
Dodge: Dodged            |    53 |    49 |   182 |   213 |   168 |    33 ||   698
       Repelled          |       |       |       |     3 |     7 |       ||    10
Block: Buckler           |    21 |    19 |    65 |   171 |       |       ||   276
       Other             |       |       |       |    18 |   390 |    72 ||   480

Table legend: (Time is in decaauts)
 A = Elapsed time spent in this place.
 B = Non-inter-level travel time spent in this place.
 C = Inter-level travel time spent in this place.
 D = Time resting spent in this place.
 E = Time spent auto-exploring this place.
 F = Levels seen in this place.
 G = Mean time per level.
                   A        B        C        D        E       F      G
               +--------+--------+--------+--------+--------+-----+--------+
         Total |  24611 |  22876 |   1735 |   1671 |  17166 |  31 |  793.9 |
       Dungeon |  14842 |  13712 |   1130 |   1165 |  10327 |  15 |  989.5 |
        Temple |    372 |    329 |     43 |      0 |    306 |   1 |  372.0 |
          Lair |   5212 |   4818 |    394 |     71 |   4047 |   6 |  868.7 |
   Spider Nest |    949 |    910 |     39 |     56 |    684 |   2 |  474.5 |
  Orcish Mines |   1737 |   1610 |    127 |    229 |   1061 |   2 |  868.5 |
        Bazaar |     22 |     22 |      0 |      0 |     14 |   1 |   22.0 |
         Sewer |    583 |    583 |      0 |      0 |    424 |   1 |  583.0 |
       Ossuary |    413 |    413 |      0 |      0 |    245 |   1 |  413.0 |
      Ice Cave |    194 |    194 |      0 |    125 |      6 |   1 |  194.0 |
      Gauntlet |    283 |    283 |      0 |     25 |     51 |   1 |  283.0 |
               +--------+--------+--------+--------+--------+-----+--------+

Top non-repeatable levels by time:
     D:9: 1541 daAuts
     D:2: 1341 daAuts
    D:10: 1290 daAuts
     D:7: 1270 daAuts
     D:3: 1267 daAuts
  Lair:6: 1214 daAuts
     D:6: 1119 daAuts
     D:1: 1053 daAuts
   Orc:2: 1052 daAuts
    D:15: 1049 daAuts
  Lair:1: 962 daAuts
Spider:1: 933 daAuts
    D:13: 851 daAuts
     D:4: 829 daAuts
  Lair:4: 813 daAuts
